AoeStats
← 苟或

Arabia

509160198Analyzed
1v1 RM · 6d ago on Sep 25, 2026· 23m 4s· 2 players
Game mode
Random Map
Map size
Tiny (2 player)
Population
200
Speed
Normal
Resources
Standard
Victory
Conquest
Starting age
Dark Age
Ending age
Imperial Age
RankedLock teamsTeams togetherTeam positionsShared explorationLock speedFull tech treeHidden civsTurbo modeCheats
Victory
Defeat
🇨🇦 Mongols · Canada
1253
+14
🇦🇷 Vietnamese · Argentina
1211
-14
阿立
0:52 Loom
13:18 Feudal Age
13:19 Man-at-Arms
17:09 Double-Bit Axe
苟或
3:35 Loom
10:58 Feudal Age
12:02 Double-Bit Axe
19:48 Castle Age
21:05 Double-Bit Axe
23:33 Fletching
Connection lost

Rejoining the realm…

Still unreachable

The connection could not be restored.

Session expired

The server has moved on; the page needs a fresh start.